Construct Section Command Post
Selects Australian Defense Battlegroup
Selects Australian Light Infantry Section
Australian Light Infantry Section
Australian Light Infantry Section
Selects 2-pounder Anti-tank Gun Team
2-pounder Anti-tank Gun Team
Construct Platoon Command Post
Selects CMP 15cwt Supply Run
Unlock M3 Stuart Light Tanks
Selects Reinforced Resource Caches
Construct Company Command Post
Selects Charged Creeping Barrage
Selects Vehicle Over Repair
Unlock M3 Grant Medium Tanks
Australian Light Infantry Section